 Dungeon Crawl Stone Soup version 0.27-a0-1325-g58a489ad9e (webtiles) character file.

Game seed: 10105247145605351246

195649 Zonian the Devastator (level 18, -2/110 HPs)
             Began as a Tengu Conjurer on June 23, 2021.
             Was a High Priest of Vehumet.
             Slain by a naga warrior (3 damage)
             ... on level 4 of the Snake Pit on June 25, 2021.
             The game lasted 03:51:56 (85259 turns).

Zonian the Devastator (Tengu Conjurer)             Turns: 85259, Time: 03:51:56

Health: -2/110     AC: 20    Str:  9    XL:     18   Next: 79%
Magic:  1/34       EV: 15    Int: 30    God:    Vehumet [*****.]
Gold:   1266       SH:  7    Dex: 14    Spells: 4/40 levels left

rFire    . . .     SeeInvis .   Y - +8 whip "Snakebite" {curare, rPois}
rCold    . . .     Faith    .   U - +2 buckler
rNeg     . . .     Spirit   .   V - +6 scale mail {rPois}
rPois    +         Reflect  .   s - +2 hat
rElec    .         Harm     .   t - +1 cloak of Starlight {*Dazzle EV+4 Stlth--}
rCorr    .         Rampage  .   u - +1 pair of gloves
Will     +....                  (boots unavailable)
Stlth    +.........             F - amulet of regeneration
HPRegen  1.28/turn              K - +6 ring of intelligence
MPRegen  0.24/turn              e - ring of wizardry

@: flying quickly and evasively, very slightly contaminated, constricted, quick
A: beak, talons 3, nimble flight
a: Renounce Religion


You were on level 4 of the Snake Pit.
You worshipped Vehumet.
Vehumet was extremely pleased with you.
You visited 5 branches of the dungeon, and saw 28 of its levels.
You also visited: Sewer.

You collected 2872 gold pieces.
You spent 1606 gold pieces at shops.

Inventory:

Hand Weapons
 j - the +9 hunting sling "Hiqez" {freeze, Fly Will+ Int+2}
   (You acquired it on level 3 of the Dungeon)

   It causes projectiles fired from it to freeze those they strike, causing
   extra injury to most foes and up to half again as much damage against
   particularly susceptible opponents.
   They can also slow down cold-blooded creatures.
   It affects your intelligence (+2).
   It grants you flight.
   It increases your willpower.
 C - the +7 great mace "Firestarter" {inner flame, rF++}
   (You acquired it on level 3 of the Snake Pit)

   It has been specially enchanted to burn those struck by it, causing extra
   injury to most foes and up to half again as much damage against particularly
   susceptible opponents.
   It greatly protects you from fire.
 Y - the +8 whip "Snakebite" (weapon) {curare, rPois}
   (You found it on level 1 of the Lair of Beasts)

   It poisons the flesh of those it strikes.
   It protects you from poison.
Missiles
 i - 114 poisoned darts
 m - 78 sling bullets
 q - a throwing net
 X - 8 curare-tipped darts
Armour
 d - the +0 hat of the Gastropod {rN+}
   (You found it on level 5 of the Lair of Beasts)

   It protects you from negative energy.
 s - a +2 hat (worn)
 t - the +1 cloak of Starlight (worn) {*Dazzle EV+4 Stlth--}
   (You acquired it on level 6 of the Dungeon)

   It affects your evasion (+4).
   It makes you much less stealthy.
 u - a +1 pair of gloves (worn)
 y - the +1 ring mail of Fanaticism {+Inv Str+7}
   (You found it on level 6 of the Dungeon)

   It affects your strength (+7).
   It lets you turn invisible.
 U - a +2 buckler (worn)
 V - a +6 scale mail of poison resistance (worn)
Magical Staves
 g - a staff of conjuration
Jewellery
 e - a ring of wizardry (right hand)
 f - a ring of wizardry
 r - an amulet of guardian spirit
 w - a ring of ice
 E - a ring of wizardry
 F - an amulet of regeneration (around neck)
 G - a ring of see invisible
 K - a +6 ring of intelligence (left hand)
 L - a +6 ring of dexterity
 N - the ring of Raibilut {+Blink rCorr MP+9 Str-3}
   (You acquired it on level 3 of the Snake Pit)

   [ring of magical power]

   It affects your strength (-3).
   It affects your magic capacity (+9).
   It lets you blink.
   It protects you from acid and corrosion.
 O - a +4 ring of slaying
Wands
 I - a wand of flame (98)
 J - a wand of polymorph (32)
 P - a wand of digging (19)
 Q - a wand of mindburst (10)
Scrolls
 p - 7 scrolls of teleportation
 v - 7 scrolls of amnesia
 D - 3 scrolls of fog
 H - 4 scrolls of enchant weapon
 S - 12 scrolls of identify
Potions
 b - 4 potions of invisibility
 c - 3 potions of cancellation
 h - 6 potions of brilliance
 l - 5 potions of ambrosia
 n - 2 potions of curing
 o - 4 potions of lignification
 x - 3 potions of might
 z - 3 potions of haste
 A - 3 potions of magic
 B - 4 potions of heal wounds
 R - 3 potions of resistance
Miscellaneous
 a - a tin of tremorstones (2/2)
 M - a condenser vane
 T - a phantom mirror
 Z - a box of beasts


   Skills:
 + Level 11.3 Fighting
 + Level 9.5(10.1) Maces & Flails
 - Level 5.3(8.1) Staves
 + Level 5.3 Slings
 - Level 6.0 Armour
 - Level 11.8 Dodging
 - Level 10.5 Stealth
 - Level 4.0 Shields
 + Level 11.9 Spellcasting
 + Level 16.3 Conjurations
 - Level 4.0 Hexes
 - Level 6.4 Translocations
 - Level 4.7 Transmutations
 - Level 6.3 Fire Magic
 + Level 12.7 Air Magic
 - Level 5.7 Poison Magic
 + Level 7.9 Evocations


You had 4 spell levels left.
You knew the following spells:

 Your Spells              Type           Power      Damage    Failure   Level
a - Magic Dart            Conj           100%       1d8       0%          1
b - Searing Ray           Conj           100%       3d7       1%          2
c - Iskenderun's Mystic   Conj/Tloc      72%        2d15      1%          4
d - Lightning Bolt        Conj/Air       40%        1d59      1%          5
e - Swiftness             Air            76%        N/A       1%          3
f - Airstrike             Air            38%        N/A       1%          4
g - Blink                 Tloc           N/A        N/A       1%          2
h - Fulminant Prism       Conj/Hex       34%        3d16      1%          4
i - Mephitic Cloud        Conj/Pois/Air  72%        N/A       1%          3
j - Ignite Poison         Fire/Tmut/Pois 51%        N/A       1%          3
k - Irradiate             Conj/Tmut      34%        3d24      1%          5

Your spell library contained the following spells:

 Spells                   Type           Power      Damage    Failure   Level
 Starburst                Conj/Fire      36%        8x6d11    3%          6
 Corona                   Hex            45%        N/A       1%          1
 Shock                    Conj/Air       100%       1d9       1%          1
 Sting                    Tmut/Pois      100%       1d8       1%          1
 Corpse Rot               Necr/Air       N/A        N/A       1%          2
 Poisonous Vapours        Pois/Air       100%       N/A       1%          2
 Static Discharge         Conj/Air       81%        N/A       1%          2
 Conjure Flame            Conj/Fire      72%        6-21      1%          3
 Dazzling Flash           Conj/Hex       100%       N/A       1%          3
 Gell's Gravitas          Tloc           27%        N/A       1%          3
 Lesser Beckoning         Tloc           27%        N/A       1%          3
 Teleport Other           Tloc           54%        N/A       1%          3
 Slow                     Hex            41%        N/A       2%          2
 Olgreb's Toxic Radiance  Pois           51%        N/A       2%          4
 Ensorcelled Hibernation  Hex/Ice        58%        N/A       4%          2
 Confusing Touch          Hex            41%        N/A       4%          3
 Tukima's Dance           Hex            41%        N/A       4%          3
 Summon Lightning Spire   Summ/Air       54%        N/A       5%          4
 Summon Guardian Golem    Hex/Summ       29%        N/A       10%         3
 Call Imp                 Summ           17%        N/A       12%         2
 Sublimation of Blood     Necr           8%         N/A       12%         2
 Call Canine Familiar     Summ           17%        N/A       22%         3
 Petrify                  Tmut/Erth      32%        N/A       26%         4
 Leda's Liquefaction      Hex/Erth       14%        N/A       32%         4
 Animate Armour           Summ/Erth      34%        N/A       56%         4
 Dispel Undead            Necr           17%        3d10      56%         4
 Conjure Ball Lightning   Conj/Air       40%        3x3d13    1%          6
 Bolt of Magma            Conj/Fire/Erth 29%        4d13      2%          5
 Yara's Violent Unravell  Hex/Tmut       22%        3d10      10%         5
 Iron Shot                Conj/Erth      30%        9d6       11%         6
 Manifold Assault         Tloc           54%        N/A       16%         5
 Metabolic Englaciation   Hex/Ice        14%        N/A       63%         5
 Storm Form               Tmut/Air       31%        N/A       83%         7
 Agony                    Necr           17%        N/A       87%         5
 Excruciating Wounds      Necr           8%         N/A       87%         5
 Statue Form              Tmut/Erth      21%        N/A       98%         6
 Shadow Creatures         Summ           N/A        N/A       100%        6
 Shatter                  Erth           8%         3d10*     100%        9


Dungeon Overview and Level Annotations

Branches:
Dungeon (15/15)            Temple (1/1) D:7            Lair (6/6) D:11
 Shoals (0/4) Lair:4        Snake (4/4) Lair:3        Slime (0/5) Lair:6
    Orc (2/2) D:9             Elf (0/3) Orc:2        Vaults (0/5) D:13
 Depths (0/5) D:15          Sewer (visited)

Altars:
Ashenzari
Cheibriados
Dithmenos
Elyvilon
Fedhas
Gozag
Hepliaklqana
Kikubaaqudgha
Makhleb
Nemelex Xobeh
Okawaru
Qazlal
Ru
Sif Muna
Trog
Uskayaw
Vehumet
Wu Jian
Xom
Yredelemnul
Zin
The Shining One
Beogh
Jiyva

Shops:
D:2 [!:[   Orc:2 ([:(*

Annotations:
D:7 exclusion: oklob plant
Lair:5 exclusion: 3 oklob plants, Rupert
Lair:6 exclusions: obsidian statue and oklob plant
Orc:2 1 runed translucent door, krigyl's ghost, adept HuNe


Innate Abilities, Weirdness & Mutations

You have a beak for a mouth.
You have claws for feet.
Your magical nature lets you fly swiftly and evasively.


Message History

The naga warrior is almost dead.
The naga warrior spits poison at you.
The splash of poison hits you but does no damage.
You resist.
You barely miss the naga warrior.
You claw the naga warrior, but do no damage.
Your peck misses the naga warrior.
The naga warrior is almost dead.
You block the salamander's attack.
Unknown command.
You hit the naga warrior.
The naga warrior is almost dead.
The naga warrior hits you but does no damage.
The naga warrior misses you.
Unknown command.
You hit the naga warrior.
The naga warrior is almost dead.
The salamander hits you from afar with a +0 trident!
You are engulfed in flames!
Unknown command.
You hit the naga warrior but do no damage.
Your peck misses the naga warrior.
The naga warrior is almost dead.
The naga warrior hits you with a +0 battleaxe!
The naga warrior grabs you. The naga warrior constricts you.
The salamander hits you from afar with a +0 trident!
You are engulfed in flames!
* * * LOW HITPOINT WARNING * * *
Casting: Iskenderun's Mystic Blast (safe; 1% risk of failure)
Confirm with . or Enter, or press ? or * to list all spells.
You miscast Blink.
You are very lightly contaminated with residual magic.
Nothing appears to happen.
The guardian serpent casts a spell at you.
The bolt of poison hits the naga warrior.
The bolt of poison hits you but does no damage.
You resist.
The naga warrior hits you with a +0 battleaxe!!
* * * LOW HITPOINT WARNING * * *
You die...

.♣.♣.##).##.♣.###..#......#......
......#..#.....##..#......#......
..<...#..[..<.♣ #..###'####......
......#.)#.....##................
.♣.♣.##..##.♣.###.........#######
.....#).####### #........# .....
........#########........# ......
#...##.##................#.......
#####..#......#.@NS.†....#.......
.....)##......###(.......'... ...
.....##......###.(N......#
##.###.......###.#((.....#
.............##.....##...#
.............###'''###...#
..##.......^###.....###..# ..
.####......##...≈≈≈§..##.# ##
..###......#.#..N§§..#.#.#


You could see a naga warrior, a salamander (strong) and a guardian serpent.

Vanquished Creatures
  Asterion (Snake:1)
  A sphinx (shapeshifter) (D:13)
  3 nagarajas
  Roxanne (D:15)
  An orc warlord (D:13)
  Aizul (Snake:1)
  Nessos (Lair:6)
  2 dire elephants (Lair:6)
  Snorg (Orc:1)
  11 hydras
  2 boulder beetles
  A catoblepas (D:14)
  16 naga warriors
  8 vault guards (D:13)
  Erolcha (D:11)
  10 anacondas
  An ice dragon (D:15)
  2 salamander tyrants (Snake:4)
  5 centaur warriors
  7 ogre magi
  An anaconda (shapeshifter) (D:13)
  Urug (D:11)
  23 two-headed ogres
  10 death yaks
  6 shock serpents
  15 naga sharpshooters
  2 salamander mystics
  A spectral death yak (Lair:6)
  5 sea snakes (Snake:2)
  A spectral anaconda (Lair:6)
  A lindwurm (Lair:4)
  6 naga ritualists
  3 wizards
  5 necromancers
  An orc knight (Orc:1)
  4 deep elf pyromancers
  11 mana vipers
  9 orc sorcerers
  A salamander (shapeshifter) (D:13)
  28 salamanders
  13 ugly things
  3 cyclopes
  5 manticores
  11 guardian serpents
  2 dire elephant zombies (Lair:6)
  35 black mambas
  26 elephants
  Maurice (Orc:1)
  17 naga magi
  A gargoyle (D:10)
  19 cane toads
  15 komodo dragons
  A kobold demonologist (D:12)
  4 rime drakes
  An efreet (D:13)
  A tengu conjurer (D:13)
  3 freezing wraiths
  2 yaktaurs (D:13)
  6 polar bears
  3 meliai (D:13)
  20 blink frogs
  7 trolls
  A hornet (D:9)
  Prince Ribbit (D:7)
  2 merfolk (Lair:4)
  2 spectral elephants (Lair:6)
  8 slime creatures
  2 shadows
  2 centaur simulacra
  A water elemental (D:13)
  4 wyverns
  20 yaks
  9 basilisks
  A vampire (D:13)
  2 steam dragons (D:8)
  6 wraiths
  12 wargs
  7 vampire mosquitoes
  3 spectral cane toads (Lair:6)
  18 water moccasins
  30 nagas
  2 acid dragons
  A swamp drake (D:11)
  2 ice beasts
  A sky beast (D:7)
  A black bear (D:5)
  15 orc warriors
  2 elephant zombies (Lair:6)
  A hornet zombie (D:7)
  15 wolves
  A boggart (D:13)
  20 ogres
  An elephant skeleton (Lair:6)
  9 centaurs
  22 bullfrogs
  2 kobold brigands
  A gnoll sergeant (D:6)
  2 cane toad simulacra (Lair:6)
  2 scorpions
  2 wyvern zombies
  An elephant simulacrum (Lair:6)
  9 wights
  6 killer bees (D:9)
  2 electric eels (D:13)
  4 howler monkeys
  6 centaur zombies
  10 jellies
  4 centaur skeletons
  2 hounds
  A gnoll shaman (D:3)
  19 orc priests
  A bullfrog skeleton (D:5)
  An iguana (D:5)
  45 orc wizards
  14 adders
  5 river rats (Sewer)
  A shadow imp (D:5)
  3 white imps
  2 ufetubi
  An adder skeleton (D:3)
  4 worms
  2 dart slugs (D:1)
  79 orcs
  4 bats
  15 endoplasms
  5 giant cockroaches
  6 goblins
  5 hobgoblins
  7 jackals (D:3)
  10 kobolds
  3 quokkas (D:1)
  19 ball pythons
  8 frilled lizards
  31 rats
974 creatures vanquished.

Vanquished Creatures (collateral kills)
  A bullfrog zombie (D:6)
1 creature vanquished.

Vanquished Creatures (others)
  32 bushes (Lair:6)
  14 fulminant prisms
  93 fungi
  120 plants
  34 withered plants
293 creatures vanquished.

Grand Total: 1268 creatures vanquished

Notes
Turn   | Place    | Note
-------+----------+-------------------------------------------
     0 | D:1      | Zonian the Tengu Conjurer began the quest for the Orb.
     0 | D:1      | Reached XP level 1. HP: 10/10 MP: 4/4
   127 | D:1      | Reached XP level 2. HP: 15/15 MP: 4/6
   419 | D:1      | Reached skill level 6 in Conjurations
   758 | D:1      | Reached XP level 3. HP: 19/19 MP: 3/7
   919 | D:1      | Learned a level 2 spell: Searing Ray
  1365 | D:2      | Found Zaodaanu's Armour Boutique.
  1725 | D:2      | Found Besiumik's Armour Boutique.
  2207 | D:2      | Found Ismiroc's Book Emporium.
  2481 | D:2      | Found Poyprovi's Distillery.
  2693 | D:3      | Identified a scroll of acquirement
  2693 | D:3      | Acquired the +9 hunting sling "Hiqez" {freeze, Fly Will+
                  | Int+2}
  2701 | D:3      | Noticed a scorpion
  2712 | D:3      | Killed a scorpion
  2713 | D:3      | Reached XP level 4. HP: 24/24 MP: 0/9
  2926 | D:3      | Gained mutation: Your magical nature lets you fly swiftly
                  | and evasively. [Tengu growth]
  2926 | D:3      | Reached XP level 5. HP: 27/28 MP: 2/10
  3059 | D:3      | Found a glowing silver altar of Zin.
  3062 | D:3      | Found a radiant altar of Vehumet.
  3070 | D:3      | Found a transporter.
  3290 | D:3      | Found a transporter.
  3612 | D:3      | Reached skill level 7 in Conjurations
  4411 | D:4      | Found an ornate altar of the Wu Jian Council.
  4564 | D:4      | Found a hide-covered altar of Uskayaw.
  4670 | D:4      | Noticed an ogre
  4676 | D:4      | Killed an ogre
  4677 | D:4      | Reached XP level 6. HP: 32/32 MP: 5/12
  5416 | D:5      | Entered Level 5 of the Dungeon
  5809 | D:5      | Noticed an ice beast
  5845 | D:5      | Killed an ice beast
  6309 | D:5      | Reached skill level 8 in Conjurations
  6309 | D:5      | Reached XP level 7. HP: 34/36 MP: 7/14
  7257 | D:6      | Acquired the +1 cloak of Starlight {*Dazzle EV+4 Stlth--}
  7258 | D:6      | Found the +1 cloak of Starlight {*Dazzle EV+4 Stlth--}
  7291 | D:6      | Reached skill level 5 in Spellcasting
  7328 | D:6      | Reached skill level 9 in Conjurations
  7421 | D:6      | Reached XP level 8. HP: 40/42 MP: 6/16
  7496 | D:6      | Reached skill level 1 in Fighting
  7788 | D:6      | Found a glowing drain.
  7795 | Sewer    | Entered a sewer
  9162 | D:6      | Identified the +1 ring mail of Fanaticism {+Inv Str+7}
  9503 | D:6      | Learned a level 4 spell: Iskenderun's Mystic Blast
 10058 | D:6      | Found an opulent altar of Gozag.
 10168 | D:7      | Reached skill level 10 in Conjurations
 10168 | D:7      | Reached skill level 1 in Translocations
 10168 | D:7      | Reached XP level 9. HP: 31/48 MP: 15/19
 10178 | D:7      | Reached skill level 1 in Staves
 10253 | D:6      | Reached skill level 5 in Stealth
 10805 | D:7      | Found a shadowy altar of Dithmenos.
 10940 | D:7      | Noticed Prince Ribbit
 10950 | D:7      | Killed Prince Ribbit
 11022 | D:7      | Found a blossoming altar of Fedhas.
 11243 | D:7      | Noticed an oklob plant
 11386 | D:7      | Reached skill level 5 in Dodging
 11988 | D:7      | Found a staircase to the Ecumenical Temple.
 12170 | Temple   | Entered the Ecumenical Temple
 12534 | D:3      | Became a worshipper of Vehumet
 12929 | D:7      | Found a burning altar of Makhleb.
 13141 | D:8      | Reached XP level 10. HP: 56/56 MP: 12/21
 13689 | D:8      | Noticed a two-headed ogre
 13696 | D:8      | Killed a two-headed ogre
 13697 | D:8      | Reached skill level 11 in Conjurations
 16156 | D:9      | Found a staircase to the Orcish Mines.
 16848 | D:9      | Noticed a boulder beetle
 17219 | D:8      | Reached XP level 11. HP: 62/62 MP: 17/23
 17225 | D:8      | Reached skill level 5 in Fighting
 18073 | D:2      | Bought a book of Air for 490 gold pieces
 18079 | D:2      | Learned a level 5 spell: Lightning Bolt
 18083 | D:2      | Learned a level 3 spell: Swiftness
 18088 | D:2      | Learned a level 4 spell: Airstrike
 18462 | D:10     | Entered Level 10 of the Dungeon
 18553 | D:10     | Reached skill level 5 in Staves
 19088 | D:10     | Reached skill level 1 in Air Magic
 20534 | D:11     | Reached * piety under Vehumet
 20534 | D:11     | Offered knowledge of Foxfire by Vehumet.
 21910 | D:11     | Found a staircase to the Lair.
 22111 | D:11     | Reached skill level 1 in Armour
 22408 | D:11     | Noticed Urug
 22549 | D:11     | Found a shimmering blue altar of Sif Muna.
 23041 | D:11     | Noticed a cyclops
 23082 | D:11     | Noticed Erolcha
 23436 | Lair:1   | Entered Level 1 of the Lair of Beasts
 23441 | Lair:1   | Upgraded the game from 0.27-a0-1322-gfdffb62a71 to
                  | 0.27-a0-1324-ge0d8e047f6
 23530 | Lair:1   | Noticed an eight-headed hydra
 23989 | D:11     | Killed Erolcha
 23990 | D:11     | Reached skill level 12 in Conjurations
 24258 | D:12     | Noticed a manticore
 24266 | D:12     | Killed a manticore
 24542 | D:12     | Noticed a cyclops
 24551 | D:12     | Killed a cyclops
 25186 | D:12     | Noticed a manticore
 25196 | D:12     | Killed a manticore
 25197 | D:12     | Reached XP level 12. HP: 60/70 MP: 15/25
 26506 | D:12     | Reached skill level 5 in Translocations
 28508 | D:11     | Killed Urug
 28878 | Lair:1   | Reached skill level 5 in Air Magic
 28879 | Lair:1   | Killed an eight-headed hydra
 29368 | Lair:1   | Noticed a six-headed hydra
 29414 | Lair:1   | Killed a six-headed hydra
 29939 | Lair:1   | Found a radiant altar of Vehumet.
 29948 | Lair:1   | Noticed an eight-headed hydra
 29951 | Lair:1   | Killed an eight-headed hydra
 30550 | Lair:1   | Found the +8 whip "Snakebite" {curare, rPois}
 31026 | Lair:2   | Reached XP level 13. HP: 72/76 MP: 7/27
 31769 | Lair:2   | Reached skill level 1 in Maces & Flails
 31808 | Lair:2   | Reached skill level 13 in Conjurations
 31981 | Lair:2   | Reached skill level 5 in Armour
 32924 | Lair:2   | Identified the +5 scimitar of Indomitability {pain, Contam
                  | +Rage rPois rC+ Will+}
 35878 | Lair:3   | Reached ** piety under Vehumet
 36019 | Lair:3   | Offered knowledge of Poisonous Vapours by Vehumet.
 36264 | Lair:3   | Found a staircase to the Snake Pit.
 36329 | Lair:3   | Learned a level 2 spell: Blink
 40038 | Lair:4   | Found a staircase to the Shoals.
 41457 | Lair:5   | Reached XP level 14. HP: 84/84 MP: 12/28
 42589 | Lair:5   | Offered knowledge of Conjure Flame by Vehumet.
 42590 | Lair:5   | Reached skill level 10 in Stealth
 42898 | Lair:5   | Identified the +0 hat of the Gastropod {rN+}
 42943 | Lair:5   | Noticed Rupert
 44411 | Lair:6   | Entered Level 6 of the Lair of Beasts
 44849 | Lair:6   | Reached skill level 1 in Evocations
 45172 | Lair:5   | Reached *** piety under Vehumet
 45514 | Lair:6   | Found a viscous altar of Jiyva.
 45515 | Lair:6   | Found a staircase to the Slime Pits.
 45546 | Lair:6   | Noticed Nessos
 46415 | Lair:5   | Reached skill level 10 in Spellcasting
 46772 | Lair:6   | Reached skill level 5 in Maces & Flails
 46772 | Lair:6   | Reached skill level 10 in Dodging
 47016 | Lair:5   | Learned a level 4 spell: Fulminant Prism
 47026 | Lair:6   | Reached skill level 14 in Conjurations
 47099 | Lair:6   | Noticed a dire elephant
 47119 | Lair:6   | Noticed a dire elephant
 47128 | Lair:6   | Killed a dire elephant
 48715 | Lair:6   | Reached skill level 1 in Hexes
 48724 | Lair:6   | Killed a dire elephant
 50736 | Lair:6   | Reached XP level 15. HP: 90/90 MP: 5/30
 50969 | Lair:6   | Reached skill level 1 in Shields
 51310 | Lair:6   | Killed Nessos
 51647 | Lair:6   | Offered knowledge of Inner Flame by Vehumet.
 53842 | D:13     | Reached **** piety under Vehumet
 54068 | D:13     | Noticed a sphinx
 54089 | D:13     | Reached skill level 10 in Air Magic
 54090 | D:13     | Killed a sphinx
 55025 | D:13     | Offered knowledge of Irradiate by Vehumet.
 55606 | D:13     | Found a gate to the Vaults.
 56235 | D:13     | Noticed an orc warlord
 56647 | D:13     | Killed an orc warlord
 56648 | D:13     | Reached XP level 16. HP: 82/96 MP: 9/31
 57430 | D:2      | Bought a book of Minor Magic for 280 gold pieces
 57430 | D:2      | Bought a Young Poisoner's Handbook for 560 gold pieces
 57434 | D:2      | Learned a level 3 spell: Mephitic Cloud
 57438 | D:2      | Learned a level 3 spell: Ignite Poison
 58468 | D:14     | Reached skill level 5 in Evocations
 58601 | D:14     | Reached skill level 1 in Fire Magic
 59434 | D:14     | Reached skill level 1 in Poison Magic
 59439 | D:14     | Reached skill level 1 in Transmutations
 59816 | D:15     | Entered Level 15 of the Dungeon
 60289 | D:15     | Found a viscous altar of Jiyva.
 60892 | D:14     | Learned a level 5 spell: Irradiate
 60933 | D:15     | Reached skill level 10 in Fighting
 60933 | D:15     | Reached skill level 15 in Conjurations
 62937 | D:15     | Reached skill level 1 in Slings
 63924 | D:15     | Found a staircase to the Depths.
 64487 | D:15     | Noticed Roxanne
 64526 | D:15     | Killed Roxanne
 64949 | Orc:1    | Entered Level 1 of the Orcish Mines
 64999 | Orc:1    | Reached ***** piety under Vehumet
 65100 | Orc:1    | Offered knowledge of Spellforged Servitor by Vehumet.
 65449 | Orc:1    | Noticed Snorg
 65456 | Orc:1    | Killed Snorg
 65936 | Orc:1    | Noticed Maurice
 65946 | Orc:1    | Killed Maurice
 66309 | Orc:2    | Entered Level 2 of the Orcish Mines
 66686 | Orc:2    | Found Taothod's Gadget Gallery.
 66815 | Orc:2    | Reached XP level 17. HP: 102/102 MP: 33/33
 67228 | Orc:2    | Offered knowledge of Sticky Flame by Vehumet.
 67831 | Orc:2    | Found Xynk's Weapon Shop.
 67831 | Orc:2    | Found Egecesu's Book Emporium.
 67902 | Orc:2    | Found a runed translucent door.
 67902 | Orc:2    | Noticed krigyl's ghost (adept HuNe)
 68017 | Orc:2    | Found a staircase to the Elven Halls.
 68030 | Orc:2    | Found Plog's Armour Shop.
 68030 | Orc:2    | Found Voaj Gus's Antique Weapon Emporium.
 68607 | Snake:1  | Entered Level 1 of the Snake Pit
 69469 | Snake:1  | Noticed Asterion
 69751 | Snake:1  | Killed Asterion
 70336 | Snake:1  | Upgraded the game from 0.27-a0-1324-ge0d8e047f6 to
                  | 0.27-a0-1325-g58a489ad9e
 70418 | Snake:1  | Noticed Aizul
 70439 | Snake:1  | Killed Aizul
 71982 | Snake:1  | Found a snail-covered altar of Cheibriados.
 72120 | Snake:1  | You are sucked into a shaft and drop 1 floor!
 72776 | Snake:1  | You are sucked into a shaft and drop 1 floor!
 75265 | D:2      | Bought a potion of magic for 96 gold pieces
 75265 | D:2      | Bought a potion of haste for 120 gold pieces
 75265 | D:2      | Bought a potion of heal wounds for 60 gold pieces
 76867 | Snake:2  | Reached skill level 5 in Fire Magic
 78310 | Snake:3  | Acquired the +7 great mace "Firestarter" {inner flame,
                  | rF++}
 78311 | Snake:3  | Found the +7 great mace "Firestarter" {inner flame, rF++}
 78312 | Snake:3  | Acquired the ring of Raibilut {+Blink rCorr MP+9 Str-3}
 78316 | Snake:3  | Acquired the Grimoire of Feathery Creation
 80092 | Snake:4  | Entered Level 4 of the Snake Pit
 80103 | Snake:4  | Reached XP level 18. HP: 92/108 MP: 6/34
 81239 | Snake:4  | Offered knowledge of Starburst by Vehumet.
 81240 | Snake:4  | Reached skill level 5 in Poison Magic
 81746 | Snake:4  | Reached skill level 16 in Conjurations
 83048 | Snake:4  | Reached skill level 5 in Slings
 85259 | Snake:4  | HP: 1/110 [naga warrior (27)]
 85259 | Snake:4  | Slain by a naga warrior

Illustrated notes

Levels and vault maps discovered:
D:1:      dpeg_arrival_tiny_g, layout_loops_ring, minmay_misc_feat_tiny
D:2:      layout_loops_corners, serial_shops, nicolae_shop_trees, shop,
          nicolae_shop_stone, shop
D:3:      layout_basic, gammafunk_temple_overflow_arena
D:4:      layout_loops_ring, nicolae_overflow_hidden_temple,
          lemuel_crystal_altar
D:5:      layout_loops_corners
D:6:      layout_rooms, lemuel_tele_altar, lightli_sewer_entry_pipes,
          small_statue_alley_b, sword_in_stone
D:7:      lemuel_slime, layout_basic, nicolae_overflow_crystal_walls,
          lemuel_round_altar, lemuel_crystal_altar, minmay_temple_entry_ruins,
          uniq_prince_ribbit1
D:8:      layout_basic
D:9:      layout_irregular_city, david_orc_3
D:10:     layout_cave_pods
D:11:     layout_irregular_city, erik_lair_dragon, kennysheep_orc_sif_temple,
          uniq_erolcha, uniq_urug
D:12:     layout_grid_maze
D:13:     minmay_crescents, layout_basic, erik_vaults_2, kennysheep_island_fort
D:14:     layout_long_grid
D:15:     grunt_enter_depths_magical_seal, layout_rooms,
          portal_ice_cave_entry_animals_and_master, jiyva_altar_1, uniq_roxanne
Temple:   eino_temple_water
Lair:1:   minmay_guarded_unrand_snakebite, layout_chaotic_city, basic_altar,
          beast_lair_carwin_6
Lair:2:   layout_misc_corridors, chequers_serial_rivers_small_a,
          beast_lair_carwin_1
Lair:3:   layout_regular_city, minmay_snake_entry_guardpost_small, st_stairs_3,
          grunt_megastairs_1, infiniplex_staircase_pool, lemuel_fruit_fields
Lair:4:   layout_regular_city, elwin_shoals_entry_rooms,
          grunt_forest_small_clearings, grunt_megastairs_5
Lair:5:   layout_regular_city, minmay_lair_oklob_chamber, lemuel_fruit_tree,
          uniq_rupert
Lair:6:   due_jungle_book, layout_loops_ring, dpeg_slime_entry_enclosed_altar,
          minmay_hedge_maze, dpeg_oklob_1, uniq_nessos
Snake:1:  layout_cave_pods, basic_altar, nicolae_snake_gridmaze_big_u,
          uniq_aizul, uniq_asterion
Snake:2:  layout_chambers, serial_bayou_shore_b, serial_bayou_shore_a
Snake:3:  layout_honeycomb
Snake:4:  grunt_snake_rune_pools, layout_cave_town, grunt_megastairs_2
Orc:1:    layout_caves, nicolae_orc_flooded_monolith, uniq_maurice, uniq_snorg
Orc:2:    st_orc_town, layout_caves, gammafunk_ghost_grave, nicolae_shop_gadgets

Skill      XL: |  1  2  3  4  5  6  7  8  9 10 11 12 13 14 15 16 17 18 |
---------------+-------------------------------------------------------+-----
Conjurations   | 6 7 8 9 10 11 12 13 14 15 16 | 16.3
Spellcasting   | 3 4 5 6 7 8 9 10 11 | 11.9
Stealth        | 3 4 5 6 7 8 9 10 | 10.5
Dodging        | 3 4 5 6 7 8 9 10 11 | 11.8
Fighting       | 2 3 4 6 7 8 9 10 11 | 11.3
Translocations | 1 2 3 4 5 6 |  6.4
Staves         | 3 4 5 |  5.3
Air Magic      | 4 6 7 9 10 11 12 | 12.7
Armour         | 2 4 6 |  6.0
Maces & Flails | 3 5 7 8 9 |  9.5
Evocations     | 3 4 6 7 |  7.9
Hexes          | 1 3 4 |  4.0
Shields        | 3 4 |  4.0
Fire Magic     | 3 5 6 |  6.3
Poison Magic   | 3 4 5 |  5.7
Transmutations | 2 3 4 |  4.7
Slings         | 2 4 5 |  5.3

Action                   |  1- 3 |  4- 6 |  7- 9 | 10-12 | 13-15 | 16-18 || total
-------------------------+-------+-------+-------+-------+-------+-------++-------
Melee: Staff             |       |     2 |    14 |    44 |    79 |    33 ||   172
       Kick              |       |       |     2 |    19 |   107 |    54 ||   182
       Peck              |       |       |     1 |    12 |    71 |    42 ||   126
       Whip              |       |       |       |       |   183 |   234 ||   417
 Fire: Hunting sling     |       |       |       |       |    21 |   335 ||   356
Throw: Dart              |       |       |       |     1 |     2 |     1 ||     4
       Throwing net      |       |       |       |       |       |     1 ||     1
 Cast: Magic Dart        |    80 |    90 |   192 |   268 |   420 |   206 ||  1256
       Searing Ray       |     1 |     5 |    44 |    89 |    29 |    16 ||   184
       Iskenderun's Myst |       |       |     4 |    52 |   196 |   231 ||   483
       Lightning Bolt    |       |       |       |     4 |   128 |   105 ||   237
       Airstrike         |       |       |       |       |    72 |   278 ||   350
       Blink             |       |       |       |       |     8 |     4 ||    12
       Swiftness         |       |       |       |       |     1 |     1 ||     2
       Fulminant Prism   |       |       |       |       |     1 |    13 ||    14
       Mephitic Cloud    |       |       |       |       |       |    23 ||    23
       Ignite Poison     |       |       |       |       |       |     5 ||     5
       Irradiate         |       |       |       |       |       |     8 ||     8
Evoke: Wand              |       |       |     2 |    26 |    21 |    30 ||    79
       Condenser vane    |       |       |       |       |     2 |       ||     2
       Tin of tremorston |       |       |       |       |       |     2 ||     2
  Use: Scroll            |     8 |     5 |    14 |     8 |    14 |     8 ||    57
       Potion            |       |       |       |       |    13 |     6 ||    19
 Stab: Invisible         |       |       |     2 |     1 |    22 |     7 ||    32
       Sleeping          |       |       |       |     1 |       |       ||     1
       Distracted        |       |       |       |       |       |     1 ||     1
Armor: Robe              |     2 |       |    29 |    27 |       |       ||    58
       Ring mail         |       |       |       |    32 |   114 |    26 ||   172
       Scale mail        |       |       |       |       |       |   104 ||   104
Dodge: Dodged            |     4 |    11 |   144 |   301 |   456 |   384 ||  1300
Block: Buckler           |       |       |       |       |    61 |   152 ||   213

Table legend: (Time is in decaauts)
 A = Elapsed time spent in this place.
 B = Non-inter-level travel time spent in this place.
 C = Inter-level travel time spent in this place.
 D = Time resting spent in this place.
 E = Time spent auto-exploring this place.
 F = Levels seen in this place.
 G = Mean time per level.
                   A        B        C        D        E       F      G
               +--------+--------+--------+--------+--------+-----+--------+
         Total |  82881 |  79296 |   3585 |  51641 |  17332 |  29 | 2858.0 |
       Dungeon |  39042 |  36366 |   2676 |  22093 |   9858 |  15 | 2602.8 |
        Temple |    178 |    162 |     16 |      0 |     74 |   1 |  178.0 |
          Lair |  25819 |  25305 |    514 |  19250 |   3326 |   6 | 4303.2 |
     Snake Pit |  13073 |  12909 |    164 |   8260 |   2643 |   4 | 3268.2 |
  Orcish Mines |   3467 |   3254 |    213 |   1112 |   1359 |   2 | 1733.5 |
         Sewer |   1300 |   1300 |      0 |    924 |     69 |   1 | 1300.0 |
               +--------+--------+--------+--------+--------+-----+--------+

Top non-repeatable levels by time:
  Lair:3: 6716 daAuts
    D:14: 5463 daAuts
  Lair:6: 5184 daAuts
    D:11: 4905 daAuts
  Lair:5: 4612 daAuts
 Snake:4: 4335 daAuts
    D:13: 4156 daAuts
    D:12: 3765 daAuts
 Snake:1: 3644 daAuts
  Lair:2: 3337 daAuts
  Lair:1: 3055 daAuts
  Lair:4: 2913 daAuts
 Snake:2: 2583 daAuts
 Snake:3: 2509 daAuts
     D:7: 2418 daAuts
